 Dungeon Crawl Stone Soup version 0.20.1-1-g8b1a95d (webtiles) character file.

8009 polve the Severer (level 11, -11/84 HPs)
             Began as a Hill Orc Berserker on July 29, 2017.
             Was a High Priest of Trog.
             Mangled by an ogre
             ... wielding a +0 giant club
              (23 damage)
             ... on level 8 of the Dungeon.
             The game lasted 00:09:16 (10232 turns).

polve the Severer (Hill Orc Berserker)             Turns: 10232, Time: 00:09:17

Health: -11/84     AC:  9    Str: 21    XL:     11   Next: 24%
Magic:  11/11      EV: 12    Int:  7    God:    Trog [*****.]
Gold:   426        SH:  0    Dex: 13    Spells: 10/10 levels left

rFire    + + .     SeeInvis .   a - +0 battleaxe
rCold    . . .     Gourm    .   (shield currently unavailable)
rNeg     . . .     Faith    .   s - +2 leather armour {rF+}
rPois    .         Spirit   .   B - +1 helmet
rElec    .         Reflect  .   (no cloak)
rCorr    .         Harm     .   e - +0 pair of gloves
MR       .....                  (no boots)
Stlth    +.........             (no amulet)
Regen    0.3/turn               q - +1 ring of protection
MPRegen  0.2/turn               z - ring "Bewankila" {rF+ Slay+3}

@: berserk cooldown, slowed, very slow
A: no striking features
a: Berserk, Trog's Hand, Brothers in Arms, Burn Spellbooks, Renounce Religion


You were on level 8 of the Dungeon.
You worshipped Trog.
Trog was extremely pleased with you.
You were very hungry.

You visited 1 branch of the dungeon, and saw 9 of its levels.
You also visited: Sewer.

You collected 426 gold pieces.

Inventory:

Hand Weapons
 a - a +0 battleaxe (weapon)
 b - a +2 falchion of flaming
Armour
 e - a +0 pair of gloves (worn)
 s - a +2 leather armour of fire resistance (worn)
 B - a +1 helmet (worn)
Jewellery
 q - a +1 ring of protection (left hand)
 z - the ring "Bewankila" (right hand) {rF+ Slay+3}
   (You found it on level 4 of the Dungeon)

   [ring of protection from fire]

   It affects your accuracy and damage with ranged weapons and melee attacks
   (+3).
   It protects you from fire.
Wands
 r - a wand of digging (20/24)
 D - a wand of scattershot (3/9)
 E - a wand of confusion (17/48)
 L - a wand of scattershot (5/9)
Scrolls
 f - 5 scrolls of remove curse {unknown}
 g - a scroll of fear {unknown}
 i - 2 scrolls of immolation {unknown}
 j - 5 scrolls of teleportation {unknown}
 l - 4 scrolls of enchant weapon {unknown}
 m - 2 scrolls of blinking {unknown}
 o - 10 scrolls of identify {unknown}
 p - a scroll of random uselessness {unknown}
 y - 2 scrolls of magic mapping {unknown}
 A - a scroll of enchant armour {unknown}
 F - a scroll of recharging {unknown}
 I - 2 scrolls of amnesia {unknown}
 M - a scroll of vulnerability {unknown}
Potions
 d - 3 potions of haste {unknown}
 h - a potion of ambrosia {unknown}
 k - 5 potions of agility {unknown}
 n - 2 potions of degeneration {unknown}
 t - 9 potions of curing
 u - 3 potions of heal wounds {unknown}
 v - 4 potions of might {unknown}
 w - 2 potions of flight {unknown}
 x - 5 potions of brilliance {unknown}
 C - 2 potions of berserk rage {unknown}
 H - 2 potions of mutation {unknown}
 K - a potion of magic {unknown}
Comestibles
 c - 5 bread rations
 G - 7 royal jellies
 J - 4 meat rations
 N - 12 fruits


   Skills:
 + Level 4.1 Fighting
 - Level 20.0 Axes
 + Level 2.4 Armour
 * Level 2.2 Dodging


You had 10 spell levels left.
You didn't know any spells.

Dungeon Overview and Level Annotations

Branches:
Dungeon (9/15)             Temple (0/1) D:5
   Lair: D:8-11         Orc: D:9-12

Altars:
Cheibriados
Fedhas
Hepliaklqana
Kikubaaqudgha
Ru
Xom
Beogh

Shops:
D:9 }


Message History

You see here a wyvern corpse.
The phantom hits you.
* * * LOW HITPOINT WARNING * * *
The phantom blinks!
You see here a kobold corpse.
The phantom blinks!
There is a stone staircase leading up, spattered with blood here.
The ogre closely misses you. The gnoll hits you with a club.
* * * LOW HITPOINT WARNING * * *
The ogre hits you with a giant club!!
* * * LOW HITPOINT WARNING * * *
You hear a shout!
You climb upwards.
You are no longer corroded.
There is a stone staircase leading down, spattered with blood here.
Okay, then.
It was a potion of curing.
You feel better. The gnoll hits you with a club.
* * * LOW HITPOINT WARNING * * *
The ogre hits you with a giant club!!
You die...

####.########.......
#...................
###.#.########........
#......(.##...........
#.##..##.##.###.......
#.#<...#.##.###.......
#........##...#.....[.
#####O.######.#.......
#.@...........(.###
#g#.#.##...####.##
#.#.#.##.### #..#
#...#....# ##.##
########## #..# ##.#
#.# #.. ##.


You could see an ogre and a gnoll.

Vanquished Creatures
  A hydra (D:8)
  3 two-headed ogres
  2 dream sheep (D:8)
  A wyvern (D:9)
  7 yaks
  A water moccasin (D:5)
  A black bear (D:6)
  2 orc warriors
  2 sky beasts
  An eye of draining (D:9)
  2 ogres
  An ice beast (D:8)
  3 phantoms
  A centaur (D:7)
  A crocodile (D:9)
  9 big kobolds
  3 bullfrogs
  A wyvern zombie (D:6)
  3 scorpions
  4 killer bees (D:9)
  5 howler monkeys
  4 crimson imps
  A quasit (D:6)
  2 bullfrog zombies
  2 bullfrog skeletons
  2 jellies (D:9)
  3 orc wizards
  2 orc priests
  3 hounds
  Ijyb (D:3)
  5 worker ants
  2 iguanas (D:4)
  2 hound skeletons
  A howler monkey zombie (D:8)
  A worker ant zombie (D:5)
  A howler monkey skeleton (D:8)
  2 gnolls (D:9)
  13 adders
  3 river rats (Sewer)
  A shadow imp (D:7)
  An ooze (Sewer)
  3 worms
  3 dart slugs
  8 leopard geckos
  18 orcs
  3 giant cockroaches
  3 goblins
  6 hobgoblins
  14 jackals
  20 kobolds
  4 quokkas
  6 ball pythons
  10 bats
  7 frilled lizards
  A quokka skeleton (D:6)
  26 rats
238 creatures vanquished.

Notes
Turn   | Place    | Note
-------+----------+-------------------------------------------
     0 | D:1      | polve the Hill Orc Berserker began the quest for the Orb.
     0 | D:1      | Reached XP level 1. HP: 19/19 MP: 1/1
   311 | D:1      | Reached XP level 2. HP: 26/26 MP: 2/2
   576 | D:1      | Reached skill level 5 in Axes
   736 | D:1      | Found a roughly hewn altar of Beogh.
   737 | D:1      | Noticed an orc warrior
  1052 | D:1      | Reached XP level 3. HP: 29/31 MP: 3/3
  1091 | D:1      | Reached ** piety under Trog
  1442 | D:2      | Reached skill level 6 in Axes
  2046 | D:2      | Found a shimmering altar of Xom.
  2048 | D:2      | Found a shimmering altar of Xom.
  2048 | D:2      | Found a shimmering altar of Xom.
  2050 | D:2      | Found a shimmering altar of Xom.
  2050 | D:2      | Found a shimmering altar of Xom.
  2053 | D:2      | Found a shimmering altar of Xom.
  2104 | D:3      | Reached XP level 4. HP: 39/39 MP: 4/4
  2292 | D:3      | Reached skill level 7 in Axes
  2306 | D:3      | Found an ancient bone altar of Kikubaaqudgha.
  2306 | D:3      | Found a snail-covered altar of Cheibriados.
  2390 | D:3      | Noticed Ijyb
  2404 | D:3      | Killed Ijyb
  2404 | D:3      | Reached XP level 5. HP: 45/45 MP: 5/5
  2529 | D:3      | Found a glowing drain.
  2552 | Sewer    | Entered a sewer
  2648 | Sewer    | Reached *** piety under Trog
  2678 | Sewer    | Reached skill level 8 in Axes
  2895 | Sewer    | Noticed a big kobold
  2895 | Sewer    | Noticed a big kobold
  2907 | Sewer    | Killed a big kobold
  2907 | Sewer    | Reached XP level 6. HP: 51/51 MP: 6/6
  2924 | Sewer    | Reached skill level 9 in Axes
  3060 | Sewer    | Reached **** piety under Trog
  3750 | D:3      | Reached skill level 10 in Axes
  3750 | D:3      | Reached XP level 7. HP: 47/57 MP: 7/7
  4518 | D:4      | Got a clouded bronze ring
  4519 | D:4      | Identified the ring "Bewankila" {rF+ Slay+3} (You found it on level 4 of the Dungeon)
  5135 | D:5      | Entered Level 5 of the Dungeon
  5309 | D:5      | Reached skill level 11 in Axes
  5497 | D:5      | Found a staircase to the Ecumenical Temple.
  5692 | D:5      | Found a hazy altar of Hepliaklqana.
  5772 | D:5      | Reached skill level 12 in Axes
  5772 | D:5      | Reached XP level 8. HP: 64/64 MP: 8/8
  7078 | D:6      | Reached skill level 13 in Axes
  7316 | D:6      | Received a gift from Trog
  7800 | D:7      | Noticed a yak
  7800 | D:7      | Noticed a yak
  7804 | D:7      | Reached skill level 14 in Axes
  7811 | D:7      | Noticed a yak
  7813 | D:7      | Noticed a yak
  7814 | D:7      | Noticed a yak
  7816 | D:7      | Killed a yak
  7816 | D:7      | Reached XP level 9. HP: 43/70 MP: 9/9
  7826 | D:7      | Reached skill level 15 in Axes
  8583 | D:7      | Reached ***** piety under Trog
  8583 | D:7      | Reached skill level 16 in Axes
  8911 | D:8      | Noticed a two-headed ogre
  8918 | D:8      | Noticed a two-headed ogre
  8922 | D:8      | Killed a two-headed ogre
  8922 | D:8      | Reached skill level 17 in Axes
  8922 | D:8      | Reached XP level 10. HP: 71/77 MP: 10/10
  8924 | D:8      | Killed a two-headed ogre
  9049 | D:8      | Found a blossoming altar of Fedhas.
  9262 | D:8      | Reached skill level 18 in Axes
  9552 | D:8      | Found a sacrificial altar of Ru.
  9898 | D:8      | Noticed a two-headed hydra
  9914 | D:8      | Killed a one-headed hydra
  9914 | D:8      | Reached skill level 19 in Axes
  9978 | D:9      | Found Dupsaus's Gadget Shoppe.
 10023 | D:9      | Noticed a two-headed ogre
 10028 | D:9      | Reached XP level 11. HP: 82/82 MP: 5/11
 10029 | D:9      | Killed a two-headed ogre
 10034 | D:9      | Received a gift from Trog
 10048 | D:9      | Reached skill level 20 in Axes
 10232 | D:8      | Mangled by an ogre

Skill      XL: |  1  2  3  4  5  6  7  8  9 10 11 |
---------------+----------------------------------+-----
Axes           | 5 6 7 8 10 12 14 17 19 20 | 20.0
Dodging        | 2 |  2.2
Fighting       | 4 |  4.1
Armour         | |  2.4

Action                   |  1- 3 |  4- 6 |  7- 9 | 10-12 || total
-------------------------+-------+-------+-------+-------++-------
Melee: Hand axe          |   153 |   204 |   305 |       ||   662
       Battleaxe         |       |       |    60 |   104 ||   164
       Falchion          |       |       |       |     2 ||     2
Invok: Berserk           |       |     3 |     6 |     4 ||    13
  Use: Potion            |       |       |       |     1 ||     1
 Stab: Sleeping          |       |       |     1 |       ||     1
  Eat: Chunk             |     4 |     7 |    21 |     7 ||    39
       Royal jelly       |       |       |     1 |       ||     1
Armor: Animal skin       |    58 |     7 |       |       ||    65
       Leather armour    |       |    63 |   114 |    41 ||   218
Dodge: Dodged            |   147 |   125 |   185 |    67 ||   524
